SAA
MYRTLE BEACH MERMEN @ LANNISTER UNITED LIONHEARTS
09/04/2019
 
TOP OF THE 1ST
Myrtle Beach Mermen batting - Pitching for Lannister United Lionhearts : RHP Jeffrey Chase
Pitching: RHP Jeffrey Chase
Batting: RHB Scott Peterson 0-0: Ball
1-0: Called Strike
1-1: Swinging Strike
1-2: SOLO HOME RUN (Line Drive, 7LD), Distance : 348 ft
Batting: RHB José Caballero 0-0: Ball
1-0: Ground out 4-3 (Groundball, 4MS)
Batting: SHB Orlando Deleón 0-0: SINGLE (Line Drive, 4M)
Batting: LHB Yannick Hendriksen 0-0: Ball
1-0: SINGLE (Line Drive, 4D)
Orlando Deleón to second
Batting: LHB Eddie Flynn 0-0: Foul Ball, location: 2F
0-1: Fly out, F9 (Flyball, 8RM)
Batting: RHB Pil-joong Pak 0-0: Ball
1-0: SINGLE (Flyball, 56D)
Orlando Deleón to third
Yannick Hendriksen to second
Runner from 3rd tries for Home, SAFE, no throw or cutoff
Batting: SHB Val Brown 0-0: Swinging Strike
0-1: Ball
1-1: Foul Ball, location: 2F
1-2: Ball
2-2: Ground out U3 (Groundball, 3)
Top of the 1st over - 2 run(s), 4 hit(s), 0 error(s), 2 left on base; Myrtle Beach 2 - Lannister United 0
BOTTOM OF THE 1ST
Lannister United Lionhearts batting - Pitching for Myrtle Beach Mermen : LHP Jason Puckett
Pitching: LHP Jason Puckett
Batting: RHB Michael Hicks 0-0: Swinging Strike
0-1: Ball
1-1: Foul Ball, location: 2F
1-2: DOUBLE (Flyball, 78XD)
Batting: LHB John Cossey 0-0: Called Strike
0-1: Called Strike
0-2: Foul Ball, location: 2F
0-2: Foul Ball, location: 2F
0-2: Ball
1-2: Strikes out looking
Batting: RHB José Muñóz 0-0: Ball
1-0: Ball
2-0: Foul Ball, location: 2F
2-1: Swinging Strike
2-2: Strikes out swinging
Batting: LHB António Rivera 0-0: Called Strike
0-1: SINGLE (Groundball, 3S) (infield hit)
Michael Hicks to third
Batting: RHB Jeffery Campbell 0-0: Fly out, F9 (Line Drive, 9M)
Bottom of the 1st over - 0 run(s), 2 hit(s), 0 error(s), 2 left on base; Myrtle Beach 2 - Lannister United 0
TOP OF THE 2ND
Myrtle Beach Mermen batting - Pitching for Lannister United Lionhearts : RHP Jeffrey Chase
Batting: RHB Matt Love 0-0: Ball
1-0: Ball
2-0: Ball
3-0: Base on Balls
Batting: RHB Brian Soto 0-0: Foul Ball, location: 2F
0-1: Called Strike
0-2: Ball
1-2: Ball
2-2: Foul Ball, location: 2F
2-2: SINGLE (Groundball, 13) (infield hit)
Matt Love to second
Batting: RHB Scott Peterson 0-0: Swinging Strike
0-1: Called Strike
0-2: Strikes out swinging
Batting: RHB José Caballero 0-0: Ball
1-0: Fly out, F8 (Flyball, 89M)
Batting: SHB Orlando Deleón 0-0: Called Strike
0-1: SINGLE (Line Drive, 78S)
Matt Love to third
Brian Soto to second
Runner from 3rd tries for Home, SAFE, throw made at trailing runner, OUT at third!
Top of the 2nd over - 1 run(s), 2 hit(s), 0 error(s), 1 left on base; Myrtle Beach 3 - Lannister United 0
BOTTOM OF THE 2ND
Lannister United Lionhearts batting - Pitching for Myrtle Beach Mermen : LHP Jason Puckett
Batting: RHB Andrew Weeks 0-0: Called Strike
0-1: Ball
1-1: Swinging Strike
1-2: Ball
2-2: Foul Ball, location: 2F
2-2: Foul Ball, location: 2F
2-2: Ball
3-2: Ground out 4-3 (Groundball, 4)
Batting: RHB Jonathan Widdop 0-0: Called Strike
0-1: Ball
1-1: Ball
2-1: Ball
3-1: Base on Balls
Batting: RHB Cale Beazley 0-0: Ball
1-0: Called Strike
1-1: Ball
2-1: SINGLE (Groundball, 34D) (infield hit)
Jonathan Widdop to second
Batting: RHB Thomas Vaughan 0-0: Ball
1-0: Ball
2-0: Ball
3-0: Called Strike
3-1: Foul Ball, location: 2F
3-2: Fly out, F9 (Flyball, 9M)
Batting: RHB Michael Hicks 0-0: Ball
1-0: DOUBLE (Line Drive, 7LM)
Jonathan Widdop scores
Cale Beazley to third
Batting: LHB John Cossey 0-0: SINGLE (Flyball, 89M)
Cale Beazley scores
Michael Hicks to third
Batting: RHB José Muñóz 0-0: Fly out, F8 (Flyball, 8RM)
Bottom of the 2nd over - 2 run(s), 3 hit(s), 0 error(s), 2 left on base; Myrtle Beach 3 - Lannister United 2
TOP OF THE 3RD
Myrtle Beach Mermen batting - Pitching for Lannister United Lionhearts : RHP Jeffrey Chase
Batting: LHB Yannick Hendriksen 0-0: Ball
1-0: Foul Ball, location: 2F
1-1: Ball
2-1: Foul Ball, location: 2F
2-2: Strikes out swinging
Batting: LHB Eddie Flynn 0-0: Swinging Strike
0-1: Ball
1-1: Ball
2-1: Ball
3-1: Foul Ball, location: 2F
3-2: Base on Balls
Batting: RHB Pil-joong Pak 0-0: Ball
1-0: Ball
2-0: Foul Ball, location: 2F
2-1: Foul Ball, location: 2F
2-2: Ball
3-2: Fly out, F8 (Flyball, 8LXD)
Pitching: RHP Rodger de Meza
Batting: SHB Val Brown 0-0: Swinging Strike
0-1: Ball
1-1: Foul Ball, location: 2F
1-2: Foul Ball, location: 2F
1-2: Foul Ball, location: 2F
1-2: Strikes out looking
Top of the 3rd over - 0 run(s), 0 hit(s), 0 error(s), 1 left on base; Myrtle Beach 3 - Lannister United 2
BOTTOM OF THE 3RD
Lannister United Lionhearts batting - Pitching for Myrtle Beach Mermen : LHP Jason Puckett
Batting: LHB António Rivera 0-0: Fly out, F9 (Popup, 9S)
Batting: RHB Jeffery Campbell 0-0: Ball
1-0: Called Strike
1-1: Ball
2-1: Ground out 5-3 (Groundball, 5S)
Batting: RHB Andrew Weeks 0-0: Foul Ball, location: 2F
0-1: Ball
1-1: Ball
2-1: Swinging Strike
2-2: Strikes out swinging
Bottom of the 3rd over - 0 run(s), 0 hit(s), 0 error(s), 0 left on base; Myrtle Beach 3 - Lannister United 2
TOP OF THE 4TH
Myrtle Beach Mermen batting - Pitching for Lannister United Lionhearts : RHP Rodger de Meza
Batting: RHB Matt Love 0-0: Ball
1-0: Foul Ball, location: 2F
1-1: Ball
2-1: Called Strike
2-2: Strikes out swinging
Batting: RHB Brian Soto 0-0: Ball
1-0: Bunt missed!
1-1: Ball
2-1: Swinging Strike
2-2: Foul Ball, location: 2F
2-2: Ball
3-2: Foul Ball, location: 2F
3-2: Foul Ball, location: 2F
3-2: Foul Ball, location: 2F
3-2: Ground out 1-3 (Groundball, 13S)
Batting: RHB Scott Peterson 0-0: Ball
1-0: Ball
2-0: Called Strike
2-1: Called Strike
2-2: Ball
3-2: Foul Ball, location: 2F
3-2: Base on Balls
Batting: RHB José Caballero 0-0: Called Strike
0-1: Ground out 6-3 (Groundball, 6)
Top of the 4th over - 0 run(s), 0 hit(s), 0 error(s), 1 left on base; Myrtle Beach 3 - Lannister United 2
BOTTOM OF THE 4TH
Lannister United Lionhearts batting - Pitching for Myrtle Beach Mermen : LHP Jason Puckett
Batting: RHB Jonathan Widdop 0-0: Ground out 4-3 (Groundball, 4M)
Batting: RHB Cale Beazley 0-0: Called Strike
0-1: Foul Ball, location: 2F
0-2: Ball
1-2: Ball
2-2: SINGLE (Groundball, 34S)
Batting: RHB Thomas Vaughan 0-0: Ball
1-0: Called Strike
1-1: Called Strike
1-2: Strikes out looking
Batting: RHB Michael Hicks 0-0: Foul Ball, location: 2F
0-1: Ball
1-1: Foul Ball, location: 2F
1-2: Ball
2-2: Ball
3-2: Foul Ball, location: 2F
3-2: SINGLE (Groundball, 4)
Cale Beazley to second
Cale Beazley to third
Batting: LHB John Cossey 0-0: Called Strike
0-1: Ball
1-1: Ball
2-1: Foul Ball, location: 2F
2-2: Ball
3-2: Strikes out swinging
Bottom of the 4th over - 0 run(s), 2 hit(s), 0 error(s), 2 left on base; Myrtle Beach 3 - Lannister United 2
TOP OF THE 5TH
Myrtle Beach Mermen batting - Pitching for Lannister United Lionhearts : RHP Rodger de Meza
Batting: SHB Orlando Deleón 0-0: Called Strike
0-1: Ball
1-1: Ground out U3 (Groundball, 3)
Batting: LHB Yannick Hendriksen 0-0: Swinging Strike
0-1: Ball
1-1: Called Strike
1-2: Ball
2-2: Ball
3-2: Foul Ball, location: 2F
3-2: Fly out, F4 (Popup, 4D)
Batting: LHB Eddie Flynn 0-0: Called Strike
0-1: Foul Ball, location: 2F
0-2: Ball
1-2: Foul Ball, location: 2F
1-2: Foul Ball, location: 2F
1-2: SINGLE (Groundball, 34D)
Batting: RHB Pil-joong Pak 0-0: Ball
1-0: Ball
2-0: Foul Ball, location: 2F
2-1: Ball
3-1: Called Strike
3-2: Foul Ball, location: 2F
3-2: Ground out 6-3 (Groundball, 6M)
Top of the 5th over - 0 run(s), 1 hit(s), 0 error(s), 1 left on base; Myrtle Beach 3 - Lannister United 2
BOTTOM OF THE 5TH
Lannister United Lionhearts batting - Pitching for Myrtle Beach Mermen : LHP Jason Puckett
Batting: RHB José Muñóz 0-0: Called Strike
0-1: Ball
1-1: SINGLE (Flyball, 9LS)
Batting: LHB António Rivera 0-0: Ball
José Muñóz is caught stealing 2nd base
1-0: Ball
2-0: Ball
3-0: Called Strike
3-1: Fly out, F9 (Flyball, 89M)
Batting: RHB Jeffery Campbell 0-0: Called Strike
0-1: Ball
1-1: Foul Ball, location: 2F
1-2: Ball
2-2: Fly out, F8 (Flyball, 78D)
Bottom of the 5th over - 0 run(s), 1 hit(s), 0 error(s), 0 left on base; Myrtle Beach 3 - Lannister United 2
TOP OF THE 6TH
Myrtle Beach Mermen batting - Pitching for Lannister United Lionhearts : RHP Rodger de Meza
Pitching: RHP Jud White
Batting: SHB Val Brown 0-0: Ball
1-0: Ball
2-0: Ball
3-0: Called Strike
3-1: SINGLE (Groundball, 6MD)
Batting: RHB Matt Love 0-0: Sac Bunt - play at first, batter OUT! 1-3
Val Brown to second
Batting: RHB Brian Soto 0-0: Ball
1-0: Foul Ball, location: 2F
1-1: Ball
2-1: Foul Ball, location: 2F
2-2: Strikes out swinging
Batting: RHB Scott Peterson 0-0: Ball
1-0: Ball
2-0: Ball
3-0: Called Strike
3-1: Called Strike
3-2: Foul Ball, location: 2F
3-2: Reached on error, E5 (Groundball, 5)
Val Brown to third
Batting: RHB José Caballero 0-0: Ball
1-0: Fielders Choice at 2nd, 5-4 (Groundball, 5)
Top of the 6th over - 0 run(s), 1 hit(s), 1 error(s), 1 left on base; Myrtle Beach 3 - Lannister United 2
BOTTOM OF THE 6TH
Lannister United Lionhearts batting - Pitching for Myrtle Beach Mermen : LHP Jason Puckett
Now in CF: António Ruíz
Batting: RHB Andrew Weeks 0-0: Ball
1-0: Foul Ball, location: 2F
1-1: Ball
2-1: Foul Ball, location: 2F
2-2: Strikes out swinging
Batting: RHB Jonathan Widdop 0-0: Called Strike
0-1: Ball
1-1: Fly out, F8 (Flyball, 8RM)
Batting: RHB Cale Beazley 0-0: Foul Ball, location: 2F
0-1: Swinging Strike
0-2: Strikes out looking
Bottom of the 6th over - 0 run(s), 0 hit(s), 0 error(s), 0 left on base; Myrtle Beach 3 - Lannister United 2
TOP OF THE 7TH
Myrtle Beach Mermen batting - Pitching for Lannister United Lionhearts : RHP Jud White
Batting: RHB António Ruíz 0-0: Reached on error, E6 (Groundball, 6M)
Batting: LHB Yannick Hendriksen 0-0: Intentional Walk
Pitching: LHP Martin García
Pinch Runner at 2nd Pedro González:
Batting: LHB Eddie Flynn 0-0: Ball
1-0: Foul Ball, location: 2F
1-1: Swinging Strike
1-2: SINGLE (Line Drive, 89S)
Pedro González to third
Yannick Hendriksen to second
Pitching: LHP Ezio Deodato
Pinch Hitting: RHB Edward Payne 0-0: Grounds into fielders choice 5-2 (Groundball, 56)
Yannick Hendriksen to third
Eddie Flynn to second
Pinch Hitting: RHB Álex Rodríguez 0-0: Fly out, F9 (Flyball, 9M)
Runner from 3rd tags up, SCORES, throw made
Pinch Hitting: SHB Avery Little 0-0: Ball
1-0: Ball
2-0: Fly out, F8 (Flyball, 8LM)
Top of the 7th over - 1 run(s), 1 hit(s), 1 error(s), 2 left on base; Myrtle Beach 4 - Lannister United 2
BOTTOM OF THE 7TH
Lannister United Lionhearts batting - Pitching for Myrtle Beach Mermen : LHP Jason Puckett
Now at 1B: Avery Little
Now at 3B: Álex Rodríguez
Now at SS: Otso Tuulari
Now in LF: Ryan Carr
Batting: RHB Thomas Vaughan 0-0: Ball
1-0: Ball
2-0: Called Strike
2-1: Ball
3-1: Fly out, F4 (Popup, 3D)
Batting: RHB Michael Hicks 0-0: Called Strike
0-1: Swinging Strike
0-2: Fly out, F3 (Popup, 3F)
Batting: LHB John Cossey 0-0: Ball
1-0: Called Strike
1-1: Ball
2-1: Ball
3-1: Base on Balls
Pitching: RHP Manuel Carrión
Batting: RHB José Muñóz 0-0: Ball
1-0: Ball
2-0: Called Strike
2-1: Foul Ball, location: 2F
2-2: Ball
Wild Pitch!
John Cossey to second
3-2: Ground out 4-3 (Groundball, 4)
Bottom of the 7th over - 0 run(s), 0 hit(s), 0 error(s), 1 left on base; Myrtle Beach 4 - Lannister United 2
TOP OF THE 8TH
Myrtle Beach Mermen batting - Pitching for Lannister United Lionhearts : LHP Ezio Deodato
Batting: RHB Brian Soto 0-0: Foul Ball, location: 2F
0-1: Swinging Strike
0-2: Foul Ball, location: 2F
0-2: Ball
1-2: SINGLE (Groundball, 34D)
Batting: RHB Scott Peterson 0-0: Ball
1-0: Ball
2-0: Ball
3-0: Called Strike
3-1: Sac Bunt - play at first, batter OUT! 5-3
Brian Soto to second
Batting: RHB José Caballero 0-0: Intentional Walk
Pinch Hitting: RHB Glenn Salazar 0-0: Called Strike
0-1: Ball
1-1: Swinging Strike
1-2: Foul Ball, location: 2F
1-2: Ground out U3 (Groundball, 3S)
Brian Soto to third
José Caballero to second
Batting: LHB Yannick Hendriksen 0-0: Ball
1-0: Ball
2-0: Foul Ball, location: 2F
2-1: Called Strike
2-2: Foul Ball, location: 2F
2-2: Ball
3-2: Foul Ball, location: 2F
3-2: Ground out 3-1 (Groundball, 34)
Top of the 8th over - 0 run(s), 1 hit(s), 0 error(s), 2 left on base; Myrtle Beach 4 - Lannister United 2
BOTTOM OF THE 8TH
Lannister United Lionhearts batting - Pitching for Myrtle Beach Mermen : RHP Manuel Carrión
Now at 2B: Javier Robles
Batting: LHB António Rivera 0-0: Ball
1-0: Swinging Strike
1-1: Foul Ball, location: 2F
1-2: SINGLE (Groundball, 6MD)
Batting: RHB Jeffery Campbell 0-0: Ball
1-0: Ball
2-0: Called Strike
2-1: Foul Ball, location: 2F
2-2: Foul Ball, location: 2F
2-2: Strikes out swinging
Batting: RHB Andrew Weeks 0-0: Ball
1-0: Fly out, F7 (Flyball, 7M)
Batting: RHB Jonathan Widdop 0-0: Called Strike
0-1: Swinging Strike
0-2: Fly out, F9 (Flyball, 9M)
Bottom of the 8th over - 0 run(s), 1 hit(s), 0 error(s), 1 left on base; Myrtle Beach 4 - Lannister United 2
TOP OF THE 9TH
Myrtle Beach Mermen batting - Pitching for Lannister United Lionhearts : LHP Ezio Deodato
Batting: LHB Eddie Flynn 0-0: Ball
1-0: Ball
2-0: Fly out, F8 (Flyball, 8RM)
Batting: RHB Otso Tuulari 0-0: Ball
1-0: Ball
2-0: Ground out 5-3 (Groundball, 56S)
Batting: RHB Álex Rodríguez 0-0: Foul Ball, location: 2F
0-1: Ball
1-1: Swinging Strike
1-2: SOLO HOME RUN (Flyball, 7D), Distance : 369 ft
Batting: SHB Avery Little 0-0: Called Strike
0-1: Swinging Strike
0-2: Ball
1-2: Ball
2-2: Foul Ball, location: 2F
2-2: SINGLE (Groundball, 34D)
Batting: RHB Brian Soto 0-0: Ball
1-0: Ball
2-0: Foul Ball, location: 2F
2-1: Ball
3-1: Base on Balls
Avery Little to second
Pitching: RHP Javier Dávila
Batting: RHB Scott Peterson 0-0: Ball
1-0: Swinging Strike
1-1: Ball
2-1: Foul Ball, location: 2F
2-2: Strikes out looking
Top of the 9th over - 1 run(s), 2 hit(s), 0 error(s), 2 left on base; Myrtle Beach 5 - Lannister United 2
BOTTOM OF THE 9TH
Lannister United Lionhearts batting - Pitching for Myrtle Beach Mermen : RHP Manuel Carrión
Pitching: RHP Kenny Ryan
Batting: RHB Cale Beazley 0-0: Ball
1-0: Called Strike
1-1: Swinging Strike
1-2: Fly out, F6 (Popup, 6)
Batting: RHB Thomas Vaughan 0-0: Ball
1-0: Ball
2-0: Swinging Strike
2-1: Ball
3-1: SINGLE (Line Drive, 9LS)
Batting: RHB Michael Hicks 0-0: Ball
1-0: Foul Ball, location: 2F
1-1: Foul Ball, location: 2F
1-2: Strikes out looking
Batting: LHB John Cossey 0-0: Swinging Strike
0-1: Ball
1-1: Reached on error, E6 (Groundball, 6)
Thomas Vaughan to second
Batting: RHB José Muñóz 0-0: Fly out, F6 (Popup, 5DF)
Bottom of the 9th over - 0 run(s), 1 hit(s), 1 error(s), 2 left on base; Myrtle Beach 5 - Lannister United 2
This league is powered by Out of the Park Baseball, the baseball management simulation game for PC, Mac and Linux
Saturday, July 25th, 2015 - OOTP Baseball 15.6 Build 34